 Dungeon Crawl Stone Soup version 0.18.1-48-g4cf74bf (webtiles) character file.

119704 Krapule the Fighter (level 16, -13/167 HPs)
             Began as a Troll Monk on July 19, 2016.
             Was the Champion of Cheibriados.
             Mangled by a naga warrior
             ... wielding a +2 war axe of electrocution
              (25 damage)
             ... on level 1 of the Snake Pit.
             The game lasted 03:06:40 (29746 turns).

Krapule the Fighter (Troll Monk)                   Turns: 29746, Time: 03:06:41

Health: -13/167    AC: 14    Str: 42    XL:     16   Next: 28%
Magic:  22/22      EV: 25    Int: 21    God:    Cheibriados [******]
Gold:   1022       SH:  4    Dex: 31    Spells: 2 memorised, 15 levels left

rFire  + . .     SeeInvis .       - Unarmed
rCold  . . .     Gourm    +     E - +1 robe {rF+}
rNeg   . . .     Faith    .     (no shield)
rPois  .         Spirit   .     B - +0 hat
rElec  .         Dismiss  .     K - +2 cloak
rCorr  .         Reflect  +     (gloves unavailable)
SustAt .         Harm     .     (boots unavailable)
MR     +....                    e - +4 amulet of reflection
Stlth  +++.......               u - +3 ring of protection
                                q - +3 ring of dexterity

@: lethally poisoned (-13 -> -14), very slow, somewhat resistant to hostile
enchantments, fairly stealthy
A: unfitting armour, claws 3, hooves 1, thin metallic scales 1, fast metabolism
3, gourmand, regeneration 2, shaggy fur 1, tough skin 2
a: Bend Time, Temporal Distortion, Slouch, Step From Time, Renounce Religion


You were on level 1 of the Snake Pit.
You worshipped Cheibriados.
Cheibriados was exalted by your worship.
You were very full.

You visited 6 branches of the dungeon, and saw 29 of its levels.
You also visited: Labyrinth and Ossuary.

You collected 2611 gold pieces.
You spent 1589 gold pieces at shops.

Inventory:

Missiles
 r - 19 large rocks (quivered)
 A - a throwing net
Armour
 y - a +0 shield
 B - a +0 hat (worn)
 E - a +1 robe of fire resistance (worn)
 F - a +2 robe of positive energy
 K - a +2 cloak (worn)
Rods
 a - a +2 rod of shadows (12/12)
   (You found it in a labyrinth)
Jewellery
 e - a +4 amulet of reflection (around neck)
 q - a +3 ring of dexterity (left claw)
 u - a +3 ring of protection (right claw)
Wands
 f - a wand of acid (8/15)
 x - a wand of disintegration (3/24)
 O - a wand of lightning (6/15)
 T - a wand of acid (2/15)
 U - a wand of flame (28/48)
 Y - a wand of digging (14/24)
Scrolls
 c - 4 scrolls of identify
 k - 3 scrolls of fog
 l - 6 scrolls of teleportation
 p - a scroll of magic mapping
 s - 10 scrolls of remove curse
 t - 6 scrolls of fear
 w - 3 scrolls of summoning
 z - 3 scrolls of blinking
 M - 3 scrolls of immolation
Potions
 d - 8 potions of curing
 g - 4 potions of brilliance
 i - 2 potions of heal wounds
 n - 4 potions of invisibility
 v - a potion of flight
 C - 5 potions of mutation
 D - 3 potions of agility
 G - 2 potions of magic
 H - 2 potions of resistance
 N - 3 potions of lignification
 P - 2 potions of might
 R - 3 potions of cancellation
 V - a potion of ambrosia
Comestibles
 b - 9 bread rations
 j - 20 fruits
 Q - a royal jelly


   Skills:
 + Level 12.6 Fighting
 - Level 5.0 Throwing
 + Level 12.5 Dodging
 - Level 4.0 Stealth
 + Level 4.5 Shields
 - Level 12.0 Unarmed Combat
 - Level 5.0 Spellcasting
 + Level 4.3 Transmutations
 + Level 5.8 Earth Magic
 - Level 10.0 Invocations


You had 15 spell levels left.
You knew the following spells:

 Your Spells              Type           Power        Failure   Level  Hunger
a - Petrify               Trmt/Erth      ####....     17%         4    ####...
b - Statue Form           Trmt/Erth      ####.....    99%         6    #######


Dungeon Overview and Level Annotations

Branches:
Dungeon (15/15)            Temple (1/1) D:5            Lair (8/8) D:10
 Shoals (2/4) Lair:5        Snake (1/4) Lair:6        Slime (0/6) Lair:7
    Orc (2/2) D:9             Elf (0/3) Orc:2        Depths (0/5) D:15
 Vaults: D:13-14

Altars:
Ashenzari
Cheibriados
Dithmenos
Elyvilon
Fedhas
Gozag
Makhleb
Nemelex Xobeh
Okawaru
Pakellas
Qazlal
Ru
Sif Muna
Vehumet
Xom
Yredelemnul
Zin
The Shining One
Beogh
Jiyva

Shops:
D:4 !   D:8 [   D:10 [   D:15 *   Orc:2 :([**   Shoals:1 *

Portals:
Hell: Lair:8

Annotations:
D:13 exclusion: 2 obsidian statues, Rupert
Lair:4 exclusion: 3 oklob plants
Lair:7 1 runed door, exclusion: oklob plant
Shoals:2 exclusion: Roxanne, Roxanne
Snake:1 Aizul


Innate Abilities, Weirdness & Mutations

You are too large for most types of armour.
You have claws for hands.
Your metabolism is lightning-fast.
You like to eat raw meat.
You heal very quickly.
You are covered in fur (AC +1).
You have very tough skin (AC +2).
You have large cloven feet.
You are partially covered in thin metallic scales (AC +2).


Message History

You claw the naga warrior!
You kick the naga warrior, but do no damage.
You claw the naga warrior.
The naga warrior is moderately wounded.
Evoke which item? (* to show all) (? for menu, Esc to quit)
Zapping:
Y - a wand of digging (will waste charges)
Press: ? - help, Shift-Dir - straight line The rock shatters into small pieces.
Evoking this partially-identified wand wasted a few charges.
Aizul hits you! Aizul hits you!
* * * LOW HITPOINT WARNING * * *
You block the naga's attack. The naga completely misses you. Aizul hits you!!
* * * LOW HITPOINT WARNING * * *
The naga warrior spits poison at you. The splash of poison hits you!
You are poisoned.
* * * LOW HITPOINT WARNING * * *
The naga warrior hits you with a war axe of electrocution!!
You die...

.. #.. #### ....
#..+ ....### ##..+
....... ...+
#......###..#
#S[NN..# .##@#N..##
#......N....#
#.......#....#
#..>...........#
.................
...>...............
........###........
.......## ####.....
##....... .#.##


You could see Aizul, a naga warrior, a salamander and a naga.

Vanquished Creatures
  Kirke (Shoals:1)
  Maud (Lair:6)
  2 dire elephants (Lair:8)
  Azrael (Orc:1)
  A minotaur (Lab)
  3 merfolk javelineers (Shoals:2)
  Snorg (D:10)
  A vault guard (D:14)
  2 merfolk impalers
  Josephine (Orc:2)
  A fire dragon (D:15)
  The ghost of PeterLawrence the Basher, a journeyman GrFi of Okawaru (Lair:3)
  An ice dragon (D:15)
  12 hydras
  Erolcha (D:12)
  A death knight (D:12)
  3 centaur warriors
  The ghost of dvd the Nimble, a journeyman DsGl of Okawaru (D:11)
  A merfolk aquamancer (Shoals:1)
  6 death yaks
  A tengu warrior (D:15)
  A sun demon (Lair:8)
  Urug (D:13)
  An orc high priest (Orc:2)
  A fire crab (Lair:8)
  3 skeletal warriors (D:15)
  An unseen horror (D:11)
  4 sea snakes
  2 hill giants
  A wizard (Lair:8)
  A deep elf mage (D:14)
  4 harpies (Shoals:2)
  3 orc sorcerers (Orc:2)
  5 griffons
  5 cyclopes
  An ugly thing (D:12)
  2 fauns (Shoals:1)
  3 elephants (Lair:4)
  3 sirens
  6 manticores
  Maurice (D:10)
  2 water nymphs (Shoals:1)
  3 black mambas
  15 spiny frogs
  A smoke demon (Lair:8)
  2 naga magi (Snake:1)
  Psyche (D:10)
  2 torpor snails
  4 orange demons (Lair:8)
  2 gargoyles
  7 rime drakes
  11 komodo dragons
  A kobold demonologist (D:15)
  4 ice devils (Lair:8)
  A hellwing (Lair:8)
  7 trolls
  2 tengu conjurers (D:15)
  2 red devils (Lair:8)
  5 merfolk
  3 two-headed ogres
  Prince Ribbit (D:8)
  9 slime creatures
  4 snapping turtles
  18 blink frogs
  Sigmund (D:5)
  A shadow (D:14)
  3 wyverns
  A redback (Lab)
  6 water elementals
  51 yaks
  5 wraiths
  2 fire elementals
  2 hogs (Shoals:1)
  A human (D:14)
  3 vampire mosquitoes (D:13)
  15 hippogriffs
  4 hungry ghosts
  Grum (Lair:1)
  3 basilisks
  5 nagas
  2 soldier ants
  The ghost of dvd the Chopper, an amateur GrGl (D:4)
  A mottled dragon (D:14)
  11 water moccasins
  6 hell hounds
  Duvessa (D:5)
  16 porcupines
  4 ice beasts
  34 orc warriors
  A black bear (Lair:2)
  2 wasps (D:15)
  5 sky beasts
  14 ogres
  6 phantoms
  An eye of draining (D:12)
  24 wolves
  8 centaurs
  15 crocodiles
  10 big kobolds
  3 gnoll sergeants (D:9)
  3 earth elementals (D:15)
  21 giant frogs
  Dowan (D:5)
  2 wyvern zombies
  2 scorpions
  27 killer bees
  20 wights
  8 electric eels
  11 crimson imps
  A giant frog zombie (D:7)
  A quasit (D:5)
  5 centaur zombies
  5 hounds
  5 jellies
  6 centaur skeletons
  23 orc priests
  A giant frog skeleton (D:6)
  27 orc wizards
  12 iguanas
  9 worker ants
  10 sheep
  A big kobold zombie (Ossuary)
  A hound zombie (D:10)
  8 mummies (Ossuary)
  A hound skeleton (D:8)
  A worker ant zombie (D:9)
  8 gnolls
  14 adders
  53 river rats
  3 shadow imps
  An ooze (D:3)
  2 adder skeletons
  A worm (D:2)
  A dart slug (D:3)
  3 giant geckos
  105 orcs
  8 bats
  6 giant cockroaches
  A gnoll zombie (Ossuary)
  6 goblins
  9 hobgoblins
  20 jackals
  6 quokkas
  2 ball pythons (D:6)
  A giant cockroach zombie (D:5)
  4 giant newts
  A hobgoblin zombie (Ossuary)
  11 kobolds
  3 kobold zombies (Ossuary)
  2 orc zombies (Ossuary)
  A quokka zombie (D:7)
  5 rats
  A butterfly (D:5)
  2 fungi
  2 plants
  5 tentacles (Shoals:2)
967 creatures vanquished.

Vanquished Creatures (collateral kills)
  Saint Roka (Orc:2)
  An orc warrior (Orc:2)
  An orc wizard (Orc:2)
  2 orcs (Orc:2)
5 creatures vanquished.

Vanquished Creatures (others)
  Nessos (Lair:6)
  A human (Shoals:1)
  An orc wizard (Orc:2)
  2 orcs (Orc:2)
  32 fungi
  12 plants
  13 tentacles (Shoals:2)
  911 tentacle segments (Shoals:2)
973 creatures vanquished.

Grand Total: 1945 creatures vanquished

Notes
Turn   | Place    | Note
--------------------------------------------------------------
     0 | D:1      | Krapule the Troll Monk began the quest for the Orb.
     0 | D:1      | Reached XP level 1. HP: 22/22 MP: 0/0
   632 | D:1      | Reached XP level 2. HP: 27/29 MP: 1/1
  1086 | D:2      | Reached XP level 3. HP: 36/36 MP: 2/2
  1750 | D:3      | Reached XP level 4. HP: 44/44 MP: 3/3
  1763 | D:3      | Found a shattered altar of Ashenzari.
  1834 | D:3      | Found a deep blue altar of Sif Muna.
  1977 | D:3      | Found a stormy altar of Qazlal.
  1999 | D:3      | Noticed a centaur
  2004 | D:3      | Killed a centaur
  2004 | D:3      | Reached XP level 5. HP: 48/53 MP: 4/4
  2293 | D:4      | Found Ekhleody's Distillery.
  2316 | D:4      | Noticed an ogre
  2319 | D:4      | Reached skill level 5 in Unarmed Combat
  2324 | D:4      | Killed an ogre
  2324 | D:4      | Reached XP level 6. HP: 42/61 MP: 5/5
  2420 | D:4      | Found a blossoming altar of Fedhas.
  2425 | D:4      | Found a burning altar of Makhleb.
  2836 | D:4      | Noticed dvd's ghost (amateur GrGl)
  2911 | D:5      | Entered Level 5 of the Dungeon
  2911 | D:5      | Found a radiant altar of Vehumet.
  2948 | D:5      | Reached XP level 7. HP: 63/68 MP: 6/6
  3309 | D:5      | Found a glowing golden altar of the Shining One.
  3338 | D:5      | Found a staircase to the Ecumenical Temple.
  3378 | Temple   | Entered the Ecumenical Temple
  3451 | Temple   | Became a worshipper of Cheibriados the Contemplative
  3451 | Temple   | Reached * piety under Cheibriados
  3451 | Temple   | Reached ** piety under Cheibriados
  3581 | D:5      | Noticed Dowan
  3583 | D:5      | Noticed Duvessa
  3583 | D:5      | Noticed Sigmund
  3588 | D:5      | Killed Duvessa
  3600 | D:5      | Killed Sigmund
  3600 | D:5      | Reached XP level 8. HP: 63/79 MP: 7/7
  3603 | D:5      | Killed Dowan
  4302 | D:6      | Reached skill level 5 in Fighting
  4302 | D:6      | Reached skill level 5 in Dodging
  4328 | D:6      | Reached skill level 1 in Throwing
  4385 | D:6      | Reached *** piety under Cheibriados
  4706 | D:6      | Found a glowing silver altar of Zin.
  4873 | D:7      | Reached XP level 9. HP: 80/88 MP: 8/8
  4957 | D:7      | Found a sand-covered staircase.
  4972 | D:7      | Reached **** piety under Cheibriados
  4979 | Ossuary  | Entered an ossuary
  5309 | D:4      | Bought a potion of heal wounds for 50 gold pieces
  5309 | D:4      | Bought a potion of beneficial mutation for 350 gold pieces
  5309 | D:4      | Bought a potion of heal wounds for 50 gold pieces
  5347 | D:7      | Gained mutation: You have large cloven feet. [potion of beneficial mutation]
  5348 | D:7      | Gained mutation: You are partially covered in thin metallic scales (AC +2). [potion of beneficial mutation]
  5788 | D:8      | Found a glowing golden altar of the Shining One.
  5790 | D:8      | Found a basalt altar of Yredelemnul.
  5808 | D:8      | Reached ***** piety under Cheibriados
  5822 | D:8      | Found a shimmering altar of Xom.
  6151 | D:8      | Found Atuir's Armour Shoppe.
  6154 | D:8      | Bought a +1 cloak for 161 gold pieces
  6226 | D:8      | Noticed Prince Ribbit
  6238 | D:8      | Killed Prince Ribbit
  6263 | D:8      | Reached XP level 10. HP: 100/100 MP: 9/9
  7035 | D:9      | Found a staircase to the Orcish Mines.
  7281 | D:9      | Reached ****** piety under Cheibriados
  7641 | D:10     | Entered Level 10 of the Dungeon
  7740 | D:10     | Noticed a three-headed hydra
  7748 | D:10     | Killed a six-headed hydra
  7816 | D:10     | Noticed Maurice
  7842 | D:10     | Reached skill level 10 in Unarmed Combat
  7842 | D:10     | Reached XP level 11. HP: 111/111 MP: 10/10
  7864 | D:10     | Found a staircase to the Lair.
  7889 | D:10     | Noticed Snorg
  8089 | D:10     | Killed Maurice
  8089 | D:10     | Reached skill level 1 in Invocations
  8172 | D:10     | Noticed a five-headed hydra
  8177 | D:10     | Killed a five-headed hydra
  8390 | D:10     | Found Dumurr's Armour Boutique.
  8561 | D:8      | Bought a +0 hat for 56 gold pieces
  8947 | D:10     | Noticed Psyche
  8954 | D:10     | Killed Snorg
  8958 | D:10     | Killed Psyche
  9776 | D:11     | Noticed dvd's ghost (journeyman DsGl)
  9908 | D:4      | Killed dvd's ghost
 10059 | Lair:1   | Entered Level 1 of the Lair of Beasts
 10068 | Lair:1   | Noticed Grum
 10080 | Lair:1   | Killed Grum
 10314 | Lair:1   | Reached XP level 12. HP: 108/123 MP: 14/14
 11075 | Lair:2   | Reached skill level 5 in Invocations
 11808 | Lair:3   | Noticed PeterLawrence's ghost (journeyman GrFi)
 12083 | Lair:3   | Noticed an eight-headed hydra
 12097 | Lair:3   | Killed an 11-headed hydra
 12114 | Lair:3   | Killed PeterLawrence's ghost
 12446 | Lair:3   | Noticed a seven-headed hydra
 12464 | Lair:3   | Killed a 13-headed hydra
 12950 | Lair:3   | Reached skill level 10 in Fighting
 12976 | Lair:4   | Reached skill level 10 in Dodging
 13287 | Lair:1   | Reached XP level 13. HP: 133/133 MP: 16/16
 13728 | Lair:4   | Reached skill level 5 in Throwing
 14156 | Lair:5   | Reached skill level 1 in Spellcasting
 14602 | Lair:5   | Found a staircase to the Shoals.
 15084 | Lair:6   | Noticed Maud
 15287 | Lair:6   | Noticed Nessos
 15301 | Lair:6   | Killed Nessos
 15484 | Lair:6   | Killed Maud
 15509 | Lair:6   | Found a staircase to the Snake Pit.
 16028 | Lair:7   | Found a labyrinth entrance.
 16033 | Lab      | Entered a labyrinth
 16581 | Lab      | Noticed a minotaur
 16589 | Lab      | Killed a minotaur
 16638 | Lair:7   | Identified a +2 rod of shadows (12/12) (You found it in a labyrinth)
 16823 | Lair:7   | Reached XP level 14. HP: 135/144 MP: 18/18
 16908 | Lair:7   | Found a runed door.
 16908 | Lair:7   | Found a viscous altar of Jiyva.
 16908 | Lair:7   | Found a staircase to the Slime Pits.
 16908 | Lair:7   | Noticed an acid blob
 17378 | Lair:8   | Entered Level 8 of the Lair of Beasts
 18063 | Lair:8   | Found a burning altar of Makhleb.
 18904 | Lair:8   | Found a gateway to Hell.
 19382 | Lair:1   | Learned a level 4 spell: Petrify
 19447 | Orc:1    | Entered Level 1 of the Orcish Mines
 19590 | Orc:2    | Entered Level 2 of the Orcish Mines
 19590 | Orc:2    | Found a radiant altar of Vehumet.
 19618 | Orc:2    | Noticed Azrael
 19751 | Orc:1    | Reached skill level 1 in Earth Magic
 19904 | Orc:1    | Killed Azrael
 20015 | Orc:2    | Found a roughly hewn altar of Beogh.
 20171 | Orc:2    | Found a staircase to the Elven Halls.
 20176 | Orc:2    | Found Zeureul's General Store.
 20184 | Orc:2    | Bought a scroll of teleportation for 39 gold pieces
 20254 | Orc:2    | Noticed Josephine
 20254 | Orc:2    | Reached skill level 1 in Transmutations
 20260 | Orc:2    | Killed Josephine
 20360 | Orc:2    | Found a roughly hewn altar of Beogh.
 20362 | Orc:2    | Found Ziodgh's General Store.
 20386 | Orc:2    | Found a roughly hewn altar of Beogh.
 20476 | Orc:2    | Found a roughly hewn altar of Beogh.
 20703 | Orc:2    | Noticed Saint Roka
 20749 | Orc:2    | Killed Saint Roka
 20749 | Orc:2    | Reached skill level 5 in Spellcasting
 20874 | Orc:2    | Reached XP level 15. HP: 156/156 MP: 21/21
 20893 | Orc:2    | Found Huerphal's Antique Weapon Shoppe.
 20894 | Orc:2    | Found a roughly hewn altar of Beogh.
 20899 | Orc:2    | Found Ahuchoet's Antique Armour Emporium.
 20987 | Orc:2    | Found a roughly hewn altar of Beogh.
 21045 | Orc:2    | Found a roughly hewn altar of Beogh.
 21046 | Orc:2    | Found Moleidul's Book Shoppe.
 21085 | Orc:2    | Bought a book of the Earth for 845 gold pieces
 21092 | Orc:2    | Learned a level 6 spell: Statue Form
 21796 | D:11     | Killed dvd's ghost
 22804 | D:12     | Noticed Erolcha
 22809 | D:12     | Killed Erolcha
 23116 | Shoals:1 | Entered Level 1 of the Shoals
 23134 | Shoals:1 | Reached skill level 1 in Shields
 23373 | Shoals:1 | Noticed Kirke
 23413 | Shoals:1 | HP: 2/156 [snapping turtle (19)]
 23736 | Shoals:1 | Killed Kirke
 23863 | Shoals:1 | Found Nisieg's Assorted Antiques.
 24750 | Shoals:2 | Noticed a kraken
 24971 | Shoals:2 | Noticed Roxanne
 25115 | Shoals:2 | Reached skill level 10 in Invocations
 25841 | D:13     | Noticed Rupert
 25864 | D:13     | HP: 5/157 [Rupert/battleaxe of draining (20)]
 26061 | D:13     | Noticed Urug
 26075 | D:13     | Killed Urug
 26400 | D:13     | Reached skill level 5 in Earth Magic
 26427 | D:13     | Paralysed by Rupert for 7 turns
 27130 | D:14     | Reached XP level 16. HP: 166/166 MP: 22/22
 27247 | D:15     | Entered Level 15 of the Dungeon
 27379 | D:15     | Found Xepolyuf's Pet Rocks.
 28197 | D:15     | Found a staircase to the Depths.
 28561 | D:15     | Bought 5 large rocks for 38 gold pieces
 29691 | Snake:1  | Entered Level 1 of the Snake Pit
 29702 | Snake:1  | Noticed Aizul
 29746 | Snake:1  | Mangled by a naga warrior

Skill      XL: |  1  2  3  4  5  6  7  8  9 10 11 12 13 14 15 16 |
---------------+-------------------------------------------------+-----
Fighting       | 3 4 5 6 8 9 10 11 12 | 12.6
Dodging        | 3 4 5 6 8 9 10 11 12 | 12.5
Stealth        | 2 3 4 |  4.0
Unarmed Combat | 5 6 7 8 10 11 12 | 12.0
Throwing       | 2 3 4 5 |  5.0
Invocations    | 4 6 7 9 10 | 10.0
Spellcasting   | 3 5 |  5.0
Earth Magic    | 2 5 |  5.8
Transmutations | 1 3 4 |  4.3
Shields        | 4 |  4.5

Action                   |  1- 3 |  4- 6 |  7- 9 | 10-12 | 13-15 | 16-18 || total
-------------------------+-------+-------+-------+-------+-------+-------++-------
Melee: Unarmed           |   100 |   105 |   354 |   661 |  1406 |   184 ||  2810
       Punch             |     2 |     2 |    20 |    55 |   171 |    23 ||   273
       Kick              |       |       |    56 |   332 |   739 |   106 ||  1233
Throw: Large rock        |       |       |       |     6 |    12 |     2 ||    20
 Cast: Petrify           |       |       |       |       |     1 |       ||     1
Invok: Slouch            |       |       |       |     2 |     6 |       ||     8
       Temporal Distorti |       |       |       |     1 |       |       ||     1
       Step From Time    |       |       |       |       |     2 |       ||     2
Evoke: Wand              |       |       |     1 |     5 |     8 |     1 ||    15
       Rod               |       |       |       |       |     6 |       ||     6
  Use: Scroll            |       |       |    11 |    18 |    11 |     1 ||    41
       Potion            |       |       |     3 |     1 |     7 |     6 ||    17
 Stab: Sleeping          |     4 |     1 |    11 |    12 |    21 |     1 ||    50
       Distracted        |       |     1 |       |     2 |     3 |       ||     6
  Eat: Chunk             |    21 |     9 |    25 |    51 |    90 |    16 ||   212
       Bread ration      |       |       |       |       |     2 |       ||     2
Armor: Robe              |    60 |    20 |    75 |   159 |   313 |    45 ||   672
Dodge: Dodged            |    66 |    52 |   179 |   631 |  1663 |   232 ||  2823
Block: Other             |     9 |    14 |    43 |   154 |   276 |    34 ||   530
       Reflection        |     2 |       |     3 |     3 |    20 |     2 ||    30
